 Dungeon Crawl Stone Soup version 0.22-a0-86-g94e0ad4 (webtiles) character file.

22 KristoblXynda the Ruffian (level 2, -5/23 HPs)
             Began as a Draconian Transmuter on Jan 21, 2018.
             Shot with an arrow by a centaur (11 damage)
             ... on level 2 of the Dungeon.
             The game lasted 00:00:58 (532 turns).

KristoblXynda the Ruffian (Draconian Transmuter)     Turns: 532, Time: 00:00:59

Health: -5/23      AC:  4    Str:  9 (12) XL:     2   Next: 68%
Magic:  5/5        EV: 12    Int: 12 (13) God:
Gold:   35         SH:  0    Dex: 10 (11) Spells: 4/5 levels left

rFire    . . .     SeeInvis .     - Unarmed
rCold    . . .     Gourm    .   (no shield)
rNeg     . . .     Faith    .   (armour unavailable)
rPois    .         Spirit   .   (helmet restricted)
rElec    .         Reflect  .   (no cloak)
rCorr    .         Harm     .   (no gloves)
MR       .....                  (no boots)
Stlth    +.........             (no amulet)
HPRegen  0.07/turn              (no ring)
MPRegen  0.09/turn              (no ring)

@: flying
A: unfitting armour, cold-blooded, AC +4
a: no special abilities


You were on level 2 of the Dungeon.
You were not hungry.

You visited 1 branch of the dungeon, and saw 2 of its levels.

You collected 35 gold pieces.

Inventory:

Missiles
 a - 12 arrows
Scrolls
 e - 2 scrolls of enchant armour {unknown}
 g - a scroll of magic mapping {unknown}
 h - 2 scrolls of amnesia {unknown}
 i - a scroll of remove curse {unknown}
 j - 2 scrolls of fog {unknown}
 k - a scroll of enchant weapon {unknown}
Books
 b - a book of Changes

   Spells                             Type                      Level
   a - Beastly Appendage              Transmutation                1
   b - Sticks to Snakes               Transmutation                2
   c - Spider Form                    Transmutation/Poison         3
   d - Ice Form                       Ice/Transmutation            4
   e - Blade Hands                    Transmutation                5
Comestibles
 c - 3 rations


   Skills:
 - Level 1.1 Fighting
 - Level 2.0 Dodging
 * Level 3.5 Unarmed Combat
 - Level 2.0 Spellcasting
 + Level 2.5 Transmutations


You had 4 spell levels left.
You knew the following spells:

 Your Spells              Type           Power        Failure   Level  Hunger
a - Beastly Appendage     Tmut           #.....       10%         1    ##.....


Dungeon Overview and Level Annotations

Branches:
Dungeon (2/15)

Altars:


Innate Abilities, Weirdness & Mutations

Your plain brown scales are hard. (AC +4)
You cannot fit into any form of body armour.
You are cold-blooded and may be slowed by cold attacks.


Message History

A centaur comes into view.
The centaur shouts!
The centaur wields a shortbow.
The centaur shoots an arrow.
The arrow closely misses you.
You see here an arrow.
The centaur shoots an arrow.
The arrow hits you.
The centaur shoots an arrow.
The arrow hits you!
Ouch! That really hurt!
* * * LOW HITPOINT WARNING * * *
You see here 2 arrows.
A centaur is nearby!
A centaur is nearby!
It was a potion of degeneration.
There was something very wrong with that liquid.
You feel weakened.
You feel dopey.
You feel clumsy.
The centaur shoots an arrow.
The arrow closely misses you.
It was a potion of flight.
You feel very buoyant.
You fly up into the air.
The centaur shoots an arrow.
The arrow hits you!
You die...

.............
#.#.....##..##
#.#.....###.#
#.......'.#.#
###.....#.#
##.######.#. ...#
#....#.# ##.#
#.####.#.####
#.###.# #.#c..@#
#...#.####.####(#
#...#.#......##.#
#.....#.###.....#
#.............###
#..##.#.#.....#
#..##.#.#.....#
....##.#.#..<.....
###.##.#.####..###


You could see a centaur.

Vanquished Creatures
  2 oozes
  A leopard gecko (D:1)
  A giant cockroach (D:1)
  3 hobgoblins
  A frilled lizard (D:1)
  2 kobolds (D:1)
  3 rats (D:1)
13 creatures vanquished.

Notes
Turn   | Place    | Note
-------+----------+-------------------------------------------
     0 | D:1      | KristoblXynda the Draconian Transmuter began the quest for the Orb.
     0 | D:1      | Reached XP level 1. HP: 16/16 MP: 3/3
   188 | D:1      | Reached XP level 2. HP: 20/23 MP: 5/5
   529 | D:2      | Noticed a centaur
   532 | D:2      | Shot with an arrow by a centaur

Vault maps used:
D:1:      matt_arrival_grand_opening
D:2:      gammafunk_temple_overflow_elements, first_ration

Skill      XL: |  1 |
---------------+----+-----
Dodging        | 2 |  2.0
Fighting       | |  1.1
Unarmed Combat | |  3.5
Spellcasting   | |  2.0
Transmutations | |  2.5

Action                   || total
-------------------------++-------
Melee: Unarmed           ||    40
       Tailslap          ||     4
       Punch             ||     1
  Use: Potion            ||     2
Armor: Skin              ||    12
Dodge: Dodged            ||    21

Table legend:
 A = Spawn XP
 B = Non-spawn XP
 C = Spawn XP percentage of total XP
 D = Spawn monster count
 E = Non-spawn monster count
 F = Spawn count percentage of total count
 G = Total turns spent on level
                    A         B        C        D         E        F      G
               +---------+---------+-------+---------+---------+-------+---------
         Total |       0 |      32 |   0.0 |       0 |      13 |   0.0 |   532
               +---------+---------+-------+---------+---------+-------+---------
           D:1 |       0 |      23 |   0.0 |       0 |      11 |   0.0 |   446
           D:2 |       0 |       9 |   0.0 |       0 |       2 |   0.0 |    86
               +---------+---------+-------+---------+---------+-------+---------
